 Dungeon Sprint DCSS version 0.17-a0-1718-g72dbe4d (webtiles) character file.

289 Kidiri the Covert (level 6, -8/28 HPs)
             Began as a Spriggan Enchanter on Aug 26, 2015.
             Mangled by a spatial vortex (11 damage)
             ... in the Dungeon (Sprint III: "The Ten Rune Challenge").
             The game lasted 00:02:35 (543 turns).

Kidiri the Covert (Spriggan Enchanter)               Turns: 543, Time: 00:02:36

Health: -8/28      AC:  5    Str:  4    XL:     6   Next: 9%
Magic:  17/17      EV: 26    Int: 18    God:
Gold:   16         SH:  0    Dex: 19    Spells: 5 memorised, 8 levels left

rFire  . . .     SeeInvis +     a - +1 dagger
rCold  + . .     Clarity  +     b - +2 robe
rNeg   . . .     SustAt   .     (shield restricted)
rPois  .         Gourm    .     (helmet restricted)
rElec  .         Spirit   .     (no cloak)
rCorr  .         Warding  .     (gloves unavailable)
rMut   .         NoTele   +     (boots unavailable)
MR     +....                    (no amulet)
Stlth  ++++++....               (no ring)
                                (no ring)

@: very quick, somewhat resistant to hostile enchantments, very stealthy
A: unfitting armour, molten scales 1, thin skeletal structure 1, see invisible,
clarity, cold resistance 1, deterioration 1, herbivore 3, speed 3, slow
metabolism 2
a: no special abilities


You were in the Dungeon.
You were not hungry.

You visited 1 branch You collected 16 gold pieces.

Inventory:

Hand weapons
 a - a +1 dagger (weapon)
Armour
 b - a +2 robe (worn)
Scrolls
 j - a scroll of blinking
Potions
 e - 3 potions of curing
 f - a potion of heal wounds
 g - a potion of haste
 h - 2 potions of magic
 i - a potion of berserk rage
 p - a potion of brilliance {unknown}
 q - 3 potions of flight
 v - a potion of cure mutation {unknown}
Comestibles
 d - a bread ration
 o - 3 fruits
 u - 2 royal jellies


   Skills:
 + Level 4.5 Short Blades
 * Level 9.1 Dodging
 * Level 10.0 Stealth
 * Level 7.5 Spellcasting
 + Level 2.0 Conjurations
 + Level 6.1 Hexes
 + Level 2.7 Ice Magic


You had 8 spell levels left.
You knew the following spells:

 Your Spells              Type           Power        Failure   Level  Hunger
a - Corona                Hex            ####...      1%          1    None
b - Ensorcelled Hibernat  Hex/Ice        ###...       2%          2    None
c - Confuse               Hex            ####....     2%          3    #......
d - Tukima's Dance        Hex            ####....     2%          3    #......
e - Dazzling Spray        Conj/Hex       ###.....     6%          3    #......


Dungeon Overview and Level Annotations

Branches:
Dungeon (1/1)

Altars:
Dithmenos
Gozag
Makhleb
Nemelex Xobeh
Qazlal
Ru
Xom
Jiyva
Lugonu


Innate Abilities, Weirdness & Mutations

You are tiny and cannot use many weapons and most armour.
You have supernaturally acute eyesight.
You are a herbivore.
You cover ground extremely quickly.
You need consume almost no food.
You are partially covered in molten scales (AC +1).
You have a somewhat thin skeletal structure (Dex +2, Stealth).
You possess an exceptional clarity of mind.
Your flesh is cold resistant.
Your body sometimes deteriorates upon taking damage.


Message History

Your base attributes are Str 4, Int 18, Dex 16.
Increase (S)trength, (I)ntelligence, or (D)exterity?
You feel agile.
Unknown command.
u - 2 royal jellies (gained 1)
You start resting.
Magic restored.
You open the door.
Found a stormy altar of Qazlal.
A spatial vortex comes into view.
Found a fan of gales.
Found eight altars.
There is an open door here.
The helpless spatial vortex fails to defend itself.
You skewer the spatial vortex like a kebab!!!
The spatial vortex is almost destroyed.
The spatial vortex hits you!!
Ouch! That really hurt!
* * * LOW HITPOINT WARNING * * *
Space warps horribly around you!
You die...

...#..#..###+#+###+##
#..##+#..#..........#
#..###...'.⌠........#
..####...#...######'#
..###....#.⌠.#__#...#
..##.....#...#__#...#
..#......#+###__#...#
##.#.....# #_v#...+
#####....# #_.@...# ▓
▓▓▓▓▓▓ ▓▓▓▓▓▓▓▓


You could see a spatial vortex.

Vanquished Creatures
  A shadow (D)
  A water elemental (D)
  A jelly (D)
  A human (D)
  A phantom (D)
  4 rats (D)
9 creatures vanquished.

Vanquished Creatures (others)
  2 draconian scorchers (D)
  A yaktaur (D)
  A plant (D)
4 creatures vanquished.

Grand Total: 13 creatures vanquished

Notes
Turn   | Place    | Note
--------------------------------------------------------------
     0 | D        | Kidiri the Spriggan Enchanter began the quest for the Orb.
     0 | D        | Reached XP level 1. HP: 9/9 MP: 5/5
   143 | D        | Reached skill level 5 in Dodging
   143 | D        | Reached skill level 5 in Stealth
   143 | D        | Reached XP level 2. HP: 7/13 MP: 2/8
   149 | D        | Learned a level 2 spell: Ensorcelled Hibernation
   172 | D        | Gained mutation: Your flesh is cold resistant. [potion of mutation]
   172 | D        | Gained mutation: You possess an exceptional clarity of mind. [potion of mutation]
   172 | D        | Gained mutation: Your body sometimes deteriorates upon taking damage. [potion of mutation]
   173 | D        | Gained mutation: You have a somewhat thin skeletal structure (Dex +2, Stealth). [potion of mutation]
   173 | D        | Gained mutation: You are partially covered in molten scales (AC +1). [potion of mutation]
   241 | D        | Killed a white draconian scorcher
   243 | D        | Killed a white draconian scorcher
   358 | D        | Noticed a water elemental
   360 | D        | Killed a water elemental
   360 | D        | Reached skill level 6 in Dodging
   360 | D        | Reached skill level 7 in Stealth
   360 | D        | Reached skill level 5 in Spellcasting
   360 | D        | Reached skill level 1 in Ice Magic
   360 | D        | Reached XP level 3. HP: 16/16 MP: 8/10
   360 | D        | Reached XP level 4. HP: 21/21 MP: 9/12
   365 | D        | Learned a level 3 spell: Confuse
   369 | D        | Learned a level 3 spell: Tukima's Dance
   373 | D        | Learned a level 3 spell: Dazzling Spray
   398 | D        | Noticed a jelly
   399 | D        | Noticed a shadow
   421 | D        | Killed a shadow
   421 | D        | Reached skill level 8 in Dodging
   421 | D        | Reached skill level 9 in Stealth
   421 | D        | Reached skill level 1 in Conjurations
   421 | D        | Reached XP level 5. HP: 21/24 MP: 1/15
   430 | D        | Killed a yaktaur
   525 | D        | Killed a jelly
   525 | D        | Reached skill level 10 in Stealth
   525 | D        | Reached XP level 6. HP: 28/28 MP: 15/17
   541 | D        | Found a stormy altar of Qazlal.
   542 | D        | Found a sacrificial altar of Ru.
   542 | D        | Found a burning altar of Makhleb.
   542 | D        | Found a viscous altar of Jiyva.
   542 | D        | Found a shimmering altar of Xom.
   542 | D        | Found a shadowy altar of Dithmenos.
   542 | D        | Found a sparkling altar of Nemelex Xobeh.
   542 | D        | Found a corrupted altar of Lugonu.
   542 | D        | Found an opulent altar of Gozag.
   542 | D        | Noticed a spatial vortex
   543 | D        | Mangled by a spatial vortex

Vault maps used:
D:        dungeon_sprint_mu

Action                   |  1- 3 |  4- 6 || total
-------------------------+-------+-------++-------
Melee: Dagger            |    23 |    14 ||    37
 Cast: Corona            |     3 |       ||     3
       Dazzling Spray    |       |     4 ||     4
  Use: Scroll            |     6 |       ||     6
       Potion            |     3 |       ||     3
 Stab: Sleeping          |     6 |     2 ||     8
